 Dungeon Crawl Stone Soup version 0.23-a0-350-g6fd5563 (webtiles) character file.

21 Garbasso the Sneak (level 2, 0/22 HPs)
             Began as a Ghoul Enchanter on Oct 20, 2018.
             Slain by a bat (1 damage)
             ... on level 1 of the Dungeon.
             The game lasted 00:03:08 (815 turns).

Garbasso the Sneak (Ghoul Enchanter)                 Turns: 815, Time: 00:03:09

Health: 0/22       AC:  2    Str: 11    XL:     2   Next: 83%
Magic:  1/3        EV: 12    Int: 10    God:
Gold:   27         SH:  0    Dex:  9    Spells: 1/4 levels left

rFire    . . .     SeeInvis .   a - +1 dagger
rCold    + . .     Gourm    .   (no shield)
rNeg     + + +     Faith    .   b - +0 robe
rPois    ∞         Spirit   .   (no helmet)
rElec    .         Reflect  .   (no cloak)
rCorr    .         Harm     .   (no gloves)
MR       .....                  (no boots)
Stlth    ++........             (no amulet)
HPRegen  0.00/turn              (no ring)
MPRegen  0.08/turn              (no ring)

@: very slightly contaminated, rotting
A: rotting body, claws 1, carnivore, cold resistance 1, negative energy
resistance 3, inhibited regeneration, torment resistance, unbreathing
a: no special abilities


You were on level 1 of the Dungeon.
You were not hungry.

You visited 1 branch of the dungeon, and saw 1 of its levels.

You collected 27 gold pieces.

Inventory:

Hand Weapons
 a - a +1 dagger (weapon)
Armour
 b - a +0 robe (worn)
Scrolls
 c - 2 scrolls of identify {unknown}
Comestibles
 d - a ration


   Skills:
 + Level 0.9 Fighting
 * Level 1.6 Short Blades
 - Level 1.7 Dodging
 + Level 3.5 Stealth
 - Level 1.7 Spellcasting
 + Level 2.6 Hexes


You had one spell level left.
You knew the following spells:

 Your Spells              Type           Power        Failure   Level  Hunger
a - Corona                Hex            #......      11%         1    ##.....
b - Ensorcelled Hibernat  Hex/Ice        #.....       28%         2    ###....

Your spell library contained the following spells:

 Spells                   Type           Power        Failure   Level  Hunger
 Confuse                  Hex            #.......     32%         3    ####...
 Tukima's Dance           Hex            #.......     32%         3    ####...
 Dazzling Spray           Conj/Hex       #.....       50%         3    ####...


Dungeon Overview and Level Annotations

Branches:
Dungeon (1/15)

Altars:


Innate Abilities, Weirdness & Mutations

Your body is rotting away.
You thrive on raw meat.
You are immune to poison.
You have sharp fingernails.
You are carnivorous and can eat meat at any time.
Your flesh is cold resistant. (rC+)
You are immune to negative energy. (rN+++)
You do not regenerate when monsters are visible.
You are immune to unholy pain and torment.
You can survive without breathing.


Message History

The hobgoblin stops glowing.
The bat hits you.
* * * LOW HITPOINT WARNING * * *
A frilled lizard comes into view.
The bat hits you but does no damage. The bat barely misses you.
Found 14 gold pieces.
The bat hits you but does no damage. The bat barely misses you.
The hobgoblin barely misses you. The bat hits you but does no damage.
The bat hits you but does no damage. The bat hits you but does no damage.
The bat closely misses you. The bat hits you.
* * * LOW HITPOINT WARNING * * *
The bat barely misses you. The bat hits you.
* * * LOW HITPOINT WARNING * * *
The bat hits you but does no damage. The bat barely misses you.
The bat hits you but does no damage. The bat hits you.
You die...

..#.##h#.(.....................#
......(..######....#....######..
###...(.....##....#####..... #
#.÷......(.....##########..
###.#######..............#
..)÷.....##......#####.#.##
#.#.####..#......# #....## ....#
#.[........# ###...######
#.#.##..###.....@### ###.#.......
#................b.###.......#...
.......####........g.........# .
....... #......#...........#
....).. #......#####........$.
...... ....##### #...........
###.. ..#######.... . ##. #### ##


You could see a hobgoblin and a bat.

Vanquished Creatures
  A leopard gecko (D:1)
  6 bats (D:1)
  2 giant cockroaches (D:1)
  4 jackals (D:1)
  A frilled lizard (D:1)
  2 kobolds (D:1)
  A rat (D:1)
17 creatures vanquished.

Vanquished Creatures (others)
  7 toadstools (D:1)
7 creatures vanquished.

Grand Total: 24 creatures vanquished

Notes
Turn   | Place    | Note
-------+----------+-------------------------------------------
     0 | D:1      | Garbasso the Ghoul Enchanter began the quest for the Orb.
     0 | D:1      | Reached XP level 1. HP: 14/14 MP: 2/2
    88 | D:1      | Reached skill level 1 in Short Blades
   387 | D:1      | Reached XP level 2. HP: 11/22 MP: 3/3
   693 | D:1      | Learned a level 2 spell: Ensorcelled Hibernation
   812 | D:1      | HP: 1/22 [bat (1)]
   815 | D:1      | Slain by a bat

Vault maps used:
D:1:      nagdon_arrival_double_spiral

Skill      XL: |  1 |
---------------+----+-----
Short Blades   | 1 |  1.6
Fighting       | |  0.9
Dodging        | |  1.7
Stealth        | |  3.5
Spellcasting   | |  1.7
Hexes          | |  2.6

Action                   || total
-------------------------++-------
Melee: Dagger            ||    78
 Cast: Corona            ||     2
  Eat: Chunk             ||     4
Armor: Robe              ||    50
Dodge: Dodged            ||   110

Table legend:
 A = Non-vault XP
 B = Vault XP
 C = Vault XP percentage of total XP
 D = Non-vault monster count
 E = Vault monster count
 F = Vault count percentage of total count
                 A         B        C        D         E       F
            +---------+---------+-------+---------+---------+-------
      Total |      30 |       0 |   0.0 |      17 |       0 |   0.0
            +---------+---------+-------+---------+---------+-------
        D:1 |      30 |       0 |   0.0 |      17 |       0 |   0.0
            +---------+---------+-------+---------+---------+-------
